 Dungeon Crawl Stone Soup version 0.30.0-20-g3615ddf2f0 (webtiles) character file.

Game seed: 10590042220819420423

60 qw the Chopper (level 4, -3/28 HPs)
             Began as a Gargoyle Fighter on May 27, 2023.
             Blown up by Ijyb (8 damage)
             ... with a mindburst bolt
             ... on level 2 of the Dungeon.
             The game lasted 00:00:34 (985 turns).

qw the Chopper (Gargoyle Fighter)                    Turns: 985, Time: 00:00:34

Health: -3/28      AC: 10    Str: 21    XL:     4   Next: 6%
Magic:  4/4        EV:  9    Int:  9    God:
Gold:   115        SH:  4    Dex:  9    Spells: 3/3 levels left

rFire   . . .        Y - +0 war axe
rCold   . . .        c - +0 buckler
rNeg    + . .        b - +0 scale mail
rPois   inf          (no helmet)
rElec   +            (no cloak)
rCorr   .            (no gloves)
SInv    .            (no boots)
Will    .....        (no amulet) Stlth
                     (no ring)
HPRegen 0.24/turn    (no ring)
MPRegen 0.09/turn

%: no passive effects
@: no status effects
A: sickness immunity, AC +3, negative energy resistance 1, electricity
resistance, torment resistance 1, petrification resistance
a: no special abilities


You were on level 2 of the Dungeon.
You visited 1 branch of the dungeon, and saw 2 of its levels.

You collected 115 gold pieces.


Innate Abilities, Weirdness & Mutations

You are immune to sickness and miasma.
Your stone body is resilient. (AC +3)
You are immune to poison.
You resist negative energy. (rN+)
You are resistant to electric shocks. (rElec)
You are resistant to unholy torment.
You are immune to petrification.


   Skills:
 - Level 3.2 Fighting
 + Level 3.8 Axes
 - Level 3.2 Armour
 - Level 3.2 Shields


You had 3 spell levels left.
You didn't know any spells.
Your spell library was empty.

Inventory:

Hand Weapons
 f - a +0 whip
 Y - a +0 war axe (weapon)
Armour
 b - a +0 scale mail (worn)
 c - a +0 buckler (worn)
Scrolls
 a - 2 scrolls of enchant armour
 e - a scroll of teleportation {unknown}
 g - a scroll of magic mapping {unknown}
 h - a scroll of identify {unknown}
 i - a scroll of amnesia {unknown}
 j - a scroll of enchant weapon {unknown}
Potions
 d - a potion of might

Dungeon Overview and Level Annotations

Branches:
Dungeon (2/15)

Altars:

Annotations:
D:2 Ijyb


Message History

The goblin is moderately wounded.
You miss Ijyb.
You barely miss the goblin. x2; You closely miss the goblin.
The goblin hits you but does no damage. x3
You slash the goblin!
You kill the goblin!
You hit Ijyb. You completely miss the goblin. You hit the goblin.
You barely miss the goblin. The goblin completely misses you.
The goblin barely misses you. x2
You completely miss the goblin.
The goblin is moderately wounded.
You slash the goblin!
You kill the goblin!
You hit Ijyb but do no damage. You hit the goblin. You barely miss the goblin.
The goblin hits you but does no damage. You block the goblin's attack.
Ijyb hits you but does no damage. The goblin barely misses you. x2
The goblin hits you with a +0 dagger. The goblin hits you but does no damage.
Ijyb completely misses you.
You have reached level 4!
You feel clever.
You barely miss the goblin.
The goblin is moderately wounded.
You slash the goblin!
You kill the goblin!
You slash the goblin!
You kill the goblin!
You closely miss Ijyb. The goblin hits you with a +0 dagger.
Ijyb hits you with a +0 dagger.
You hit the goblin.
You kill the goblin!
You closely miss Ijyb. Ijyb barely misses you.
You closely miss Ijyb.
Ijyb is lightly wounded.
Ijyb zaps a wand.
Your mind is blasted!
Ijyb hits you but does no damage.
You miss Ijyb.
Ijyb is lightly wounded.
Ijyb barely misses you.
You closely miss Ijyb.
Ijyb is lightly wounded.
Ijyb zaps a wand.
Your mind is blasted!
You die...

# #........ # ###.#####.. # .#
##...# #... #
#.###############..### #... # ...
.8.8.8.8...#..#######... # ..
...........#.##........# # ##.#
(...............###...## # #..
......))......###.....# ####.#
).....)@......###.#.####
.##..####......)g..........#.####
.##.#...#.8.8.8.8[$####..........
......############## #.........##
...####..# ####.# #.#.........
...###..####....# ###. #.......##
..........#..######...####.######
..####.##........................
..# #.##......(...######.#######


You could see Ijyb.

Vanquished Creatures
  2 adders (D:2)
  A dart slug (D:2)
  A bat (D:1)
  5 endoplasms
  9 goblins
  3 hobgoblins
  3 kobolds
  8 ball pythons
  2 rats
34 creatures vanquished.

Notes
Turn   | Place    | Note
-------+----------+-------------------------------------------
     0 | D:1      | qw the Gargoyle Fighter began the quest for the Orb.
     0 | D:1      | Reached XP level 1. HP: 14/14 MP: 1/1
     0 | D:1      | 0 ||| qw: Version: 0.2-a-99-gce666ed
     0 | D:1      | 0 ||| qw: Game counter: 148
     0 | D:1      | 0 ||| qw: Always use a shield: true
     0 | D:1      | 0 ||| qw: God list: Okawaru
     0 | D:1      | 0 ||| qw: Allow faded altars: false
     0 | D:1      | 0 ||| qw: Do Orc after D:15 true
     0 | D:1      | 0 ||| qw: Do second Lair branch before Depths: true
     0 | D:1      | 0 ||| qw: Lair rune preference: random
     0 | D:1      | 0 ||| qw: Plans: Normal, Zot:1-4, God:TSO, Crypt, Tomb,
                  | Pan, Slime:5, Hells, Abyss, Win
     0 | D:1      | 0 ||| PLANNING D:1-11
    18 | D:1      | 18 ||| FLEEEEING.
    19 | D:1      | 19 ||| FLEEEEING.
   126 | D:1      | Reached XP level 2. HP: 19/19 MP: 2/2
   475 | D:1      | 475 ||| Stepping ~*~*~tactically~*~*~ (hiding).
   476 | D:1      | 476 ||| Stepping ~*~*~tactically~*~*~ (hiding).
   511 | D:1      | Reached skill level 3 in Axes
   764 | D:1      | 764 ||| DROPPING amulet of faith.
   765 | D:1      | 765 ||| READING scroll labelled LOLIWU LETE.
   786 | D:2      | Reached XP level 3. HP: 23/23 MP: 3/3
   839 | D:2      | 839 ||| Stepping ~*~*~tactically~*~*~ (hiding).
   884 | D:2      | 884 ||| Stepping ~*~*~tactically~*~*~ (stealth).
   885 | D:2      | 885 ||| Stepping ~*~*~tactically~*~*~ (stealth).
   915 | D:2      | 915 ||| Stepping ~*~*~tactically~*~*~ (stealth).
   941 | D:2      | 941 ||| Stepping ~*~*~tactically~*~*~ (stealth).
   973 | D:2      | Noticed Ijyb
   981 | D:2      | Reached XP level 4. HP: 16/28 MP: 4/4
   983 | D:2      | HP: 4/28 [disintegration (8)]
   985 | D:2      | Blown up by Ijyb

Levels and vault maps discovered:
D:1:      erik_arrival_blinker_ship, layout_loops_ring, kennysheep_pointless_box
D:2:      kennysheep_the_goblin_king, layout_rooms

Skill      XL: |  1  2 |
---------------+-------+-----
Axes           | 2 3 |  3.8
Fighting       | |  3.2
Armour         | |  3.2
Shields        | |  3.2

Action                     |  1- 3 |  4- 6 || total
---------------------------+-------+-------++-------
  Melee: War axe           |    93 |     5 ||    98
    Use: Scroll            |     1 |       ||     1
 Armour: Scale mail        |    51 |     1 ||    52
  Dodge: Dodged            |    44 |     2 ||    46
  Block: Buckler           |    20 |       ||    20

Table legend:
 A = Non-vault XP
 B = Vault XP
 C = Vault XP percentage of total XP
 D = Non-vault monster count
 E = Vault monster count
 F = Vault count percentage of total count
                 A         B        C        D         E       F
            +---------+---------+-------+---------+---------+-------
      Total |      76 |      11 |  12.6 |      28 |       6 |  17.6
            +---------+---------+-------+---------+---------+-------
        D:1 |      32 |       0 |   0.0 |      18 |       0 |   0.0
        D:2 |      44 |      11 |  20.0 |      10 |       6 |  37.5
            +---------+---------+-------+---------+---------+-------
